 Dungeon Crawl Stone Soup version 0.27.1-1-g398f81649c (webtiles) character file.

Game seed: 14017620044295410744

254 Welzeim the Insei (level 6, -2/41 HPs)
             Began as an Octopode Transmuter on Sept 19, 2021.
             Slain by a gnoll sergeant (16 damage)
             ... on level 6 of the Dungeon.
             The game lasted 00:08:01 (3397 turns).

Welzeim the Insei (Octopode Transmuter)             Turns: 3397, Time: 00:08:03

Health: -2/41      AC:  1    Str:  9    XL:     6   Next: 15%
Magic:  6/10       EV: 13    Int: 22    God:
Gold:   170        SH:  0    Dex: 14    Spells: 5/11 levels left

rFire    . . .     SeeInvis .     - Unarmed
rCold    . . .     Faith    .   (no shield)
rNeg     . . .     Spirit   .   (helmet restricted)
rPois    .         Reflect  .   (no amulet)
rElec    .         Harm     .   g - +6 ring of intelligence
rCorr    .         Rampage  .   (no ring)
Will     .....                  (no ring)
Stlth    +++.......             (no ring)
HPRegen  0.13/turn              (no ring)
MPRegen  0.12/turn              (no ring)
                                (no ring)
                                (no ring)

@: wereblooded
A: almost no armour, amphibious, 8 rings, camouflage 1, gelatinous body 1,
(nimble swimmer 1), tentacles
a: no special abilities


You were on level 6 of the Dungeon.
You visited 1 branch of the dungeon, and saw 5 of its levels.

You collected 170 gold pieces.

Inventory:

Missiles
 f - a throwing net
Jewellery
 g - a +6 ring of intelligence (left tentacle)
Scrolls
 a - 2 scrolls of enchant armour
 i - a scroll of magic mapping
Potions
 b - 4 potions of curing
 c - 2 potions of ambrosia {unknown}
 d - a potion of heal wounds {unknown}
 e - a potion of lignification {unknown}
 h - a potion of brilliance {unknown}
 k - a potion of degeneration {unknown}


   Skills:
 * Level 2.6 Fighting
 + Level 2.1 Dodging
 + Level 1.9 Stealth
 + Level 4.1 Unarmed Combat
 + Level 3.0 Spellcasting
 * Level 3.6 Transmutations
 + Level 0.5 Poison Magic


You had 5 spell levels left.
You knew the following spells:

 Your Spells              Type           Power      Damage    Failure   Level
a - Beastly Appendage     Tmut           38%        N/A       2%          1
b - Wereblood             Tmut           19%        N/A       4%          2
c - Spider Form           Tmut/Pois      6%         N/A       16%         3

Your spell library contained the following spells:

 Spells                   Type           Power      Damage    Failure   Level
 Ice Form                 Ice/Tmut       11%        N/A       50%         4
 Leda's Liquefaction      Hex/Erth       1%         N/A       77%         4
 Bolt of Magma            Conj/Fire/Erth 1%         4d4       98%         5
 Statue Form              Tmut/Erth      7%         N/A       100%        6


Dungeon Overview and Level Annotations

Branches:
Dungeon (4/15)
 Temple: D:4-7

Altars:


Innate Abilities, Weirdness & Mutations

You cannot wear most types of armour.
You are amphibious.
You can wear up to eight rings at the same time.
Your skin changes colour to match your surroundings (Stealth+).
Your rubbery body absorbs attacks. (AC +1, EV +1)
((You are camouflaged near water. (Stealth+)))
You have tentacles for arms and can constrict up to eight enemies at once.


Message History

Casting: Spider Form (quite dangerous; 34% risk of failure)
Confirm with . or Enter, or press ? or * to list all spells.
Your blood is infused with primal strength.
The gnoll hits you with a +0 spear!
You barely miss the gnoll.
Your transformation is almost over.
A gnoll comes into view. It is wielding a +0 spear.
The gnoll misses you.
You bite the gnoll!
The gnoll is severely wounded.
The gnoll barely misses you.
You hit the gnoll.
The gnoll is almost dead.
You hit the gnoll.
You feel a bit better.
You kill the gnoll!
You hiss as the wereblood boils in your veins!
You hiss as the wereblood boils in your veins!
A gnoll sergeant comes into view. It is wielding a +6 spear of flaming.
The gnoll barely misses you.
You hit the gnoll.
The gnoll is lightly wounded.
The gnoll sergeant misses you. The gnoll closely misses you.
You completely miss the gnoll.
The gnoll is lightly wounded.
The gnoll hits you with a +0 spear.
The gnoll sergeant hits you from afar with a +6 spear of flaming!
The gnoll sergeant burns you.
You hit the gnoll.
The gnoll is moderately wounded.
Your transformation has ended.
The gnoll sergeant hits you from afar with a +6 spear of flaming.
The gnoll sergeant burns you. The gnoll hits you but does no damage.
You tentacle-slap the gnoll. You grab the gnoll. You squeeze the gnoll.
The gnoll is severely wounded.
You howl as the wereblood boils in your veins!
You constrict the gnoll, but do no damage.
A gnoll comes into view. It is wielding a +0 halberd.
The gnoll barely misses you.
The gnoll sergeant hits you from afar with a +6 spear of flaming!
You die...

....# #.............>.##
....## #...............#
.....# #...............##
.....#
#......##........##
.....##
###...####........##
......# ###..###
#.........#
))....###...##
#####....#####
#.)...##..######.......##
##...##..###...g@.....##
##.#..###...gg########
###..## .<... ##..###
.... #..## ... .### .. ##
. #


You could see a gnoll sergeant and 2 gnolls.

Vanquished Creatures
  A jelly (D:4)
  Jessica (D:2)
  3 orc wizards
  A gnoll (D:6)
  4 adders
  An ufetubus (D:3)
  2 worms (D:3)
  2 dart slugs
  3 orcs
  3 bats
  3 endoplasms
  7 giant cockroaches
  12 goblins
  5 hobgoblins
  3 kobolds
  A quokka (D:2)
  3 ball pythons
  3 frilled lizards
  5 rats
63 creatures vanquished.

Notes
Turn   | Place    | Note
-------+----------+-------------------------------------------
     0 | D:1      | Welzeim the Octopode Transmuter began the quest for the
                  | Orb.
     0 | D:1      | Reached XP level 1. HP: 13/13 MP: 3/3
   235 | D:1      | Reached XP level 2. HP: 15/18 MP: 3/5
   238 | D:1      | Learned a level 2 spell: Wereblood
   598 | D:1      | Reached skill level 1 in Stealth
   653 | D:1      | Found a faded altar of an unknown god.
   745 | D:2      | Reached XP level 3. HP: 23/23 MP: 4/6
   779 | D:2      | Noticed Jessica
   780 | D:2      | Learned a level 3 spell: Spider Form
   797 | D:2      | Killed Jessica
   798 | D:2      | Reached XP level 4. HP: 15/28 MP: 3/7
  1678 | D:3      | Reached XP level 5. HP: 3/34 MP: 5/9
  2996 | D:4      | Reached skill level 4 in Unarmed Combat
  3057 | D:4      | You fall into a shaft and drop 2 floors!
  3184 | D:6      | Reached XP level 6. HP: 23/41 MP: 5/10
  3397 | D:6      | Slain by a gnoll sergeant

Illustrated notes

Levels and vault maps discovered:
D:1:      onia_arrival_pyramid, layout_rooms, ebering_ecumenical_altar_hall,
          minmay_hexomino_u4
D:2:      layout_basic, uniq_jessica
D:3:      layout_basic, minmay_tree_intersection
D:4:      layout_basic, minmay_temple_entry_mist, uniq_robin
D:6:      minmay_polygon_palace, layout_cave_pods, serial_shops, shop

Skill      XL: |  1  2  3  4  5 |
---------------+----------------+-----
Stealth        | 1 |  1.9
Fighting       | 2 |  2.6
Transmutations | 3 |  3.6
Unarmed Combat | 4 |  4.1
Spellcasting   | 3 |  3.0
Dodging        | |  2.1
Poison Magic   | |  0.5

Action                   |  1- 3 |  4- 6 || total
-------------------------+-------+-------++-------
Melee: Unarmed           |    58 |    98 ||   156
       Constrict         |    19 |    16 ||    35
       Kick              |    13 |    15 ||    28
       Tentacles         |     7 |     9 ||    16
 Cast: Beastly Appendage |    13 |    20 ||    33
       Wereblood         |     2 |     8 ||    10
       Spider Form       |     1 |     7 ||     8
  Use: Scroll            |       |     5 ||     5
       Potion            |       |     1 ||     1
 Stab: Sleeping          |     1 |     4 ||     5
Armor: Skin              |     5 |    13 ||    18
Dodge: Dodged            |    44 |    87 ||   131
